 Dungeon Crawl Stone Soup version 0.28-a0-655-g4eb62b627b (webtiles) character file.

Game seed: 9045841030808808994

136 avis the Insei (level 5, -2/35 HPs)
             Began as an Octopode Transmuter on Oct 13, 2021.
             Slain by a hobgoblin (6 damage)
             ... led by Robin
             ... on level 3 of the Dungeon.
             The game lasted 00:16:53 (4115 turns).

avis the Insei (Octopode Transmuter)                Turns: 4115, Time: 00:16:55

Health: -2/35      AC:  1    Str: 10    XL:     5   Next: 19%
Magic:  2/8        EV: 13    Int: 16    God:
Gold:   92         SH:  0    Dex: 18    Spells: 4/8 levels left

rFire   . . .      SeeInvis .   a - +4 quarterstaff (chaos)
rCold   . . .      Faith    .   (shield currently unavailable)
rNeg    . . .      Spirit   .   (helmet restricted)
rPois   .          Reflect  .   (no amulet)
rElec   .          Harm     .   l - +6 ring of dexterity
rCorr   .          Rampage  .   (no ring)
Will    .....                   (no ring)
Stlth   +++.......              (no ring)
HPRegen 0.11/turn               (no ring)
MPRegen 0.11/turn               (no ring)
                                (no ring)
                                (no ring)

@: lethally poisoned (-2 -> -5), very slightly contaminated
A: almost no armour, amphibious, 8 rings, camouflage 1, gelatinous body 1,
(nimble swimmer 1), tentacles
a: no special abilities


You were on level 3 of the Dungeon.
You visited 1 branch of the dungeon, and saw 3 of its levels.

You collected 92 gold pieces.

Inventory:

Hand Weapons
 a - a +4 quarterstaff of chaos (weapon)
 h - a +3 mace
 n - a +1 vampiric whip
Missiles
 c - 20 poisoned darts (quivered)
 d - 2 throwing nets
 e - 37 stones
 i - 5 boomerangs
Jewellery
 l - a +6 ring of dexterity (left tentacle)
Scrolls
 b - 5 scrolls of teleportation {unknown}
 f - a scroll of identify {unknown}
 g - a scroll of amnesia {unknown}
Potions
 j - a potion of berserk rage {unknown}
 k - 2 potions of attraction {unknown}
 m - a potion of mutation {unknown}


   Skills:
 * Level 2.3 Fighting
 - Level 2.0 Dodging
 - Level 2.0 Stealth
 - Level 5.0 Unarmed Combat
 - Level 2.0 Spellcasting
 - Level 2.0 Transmutations


You had 4 spell levels left.
You knew the following spells:

 Your Spells              Type           Power      Damage    Failure   Level
a - Beastly Appendage     Tmut           16%        N/A       9%          1
p - Spider Form           Tmut/Pois      2%         N/A       38%         3

Your spell library contained the following spells:

 Spells                   Type           Power      Damage    Failure   Level
 Wereblood                Tmut           8%         N/A       14%         2
 Ice Form                 Ice/Tmut       4%         N/A       80%         4
 Chain Lightning          Conj/Air       0%         2d1       100%        9
 Fire Storm               Conj/Fire      0%         6d1       100%        9
 Shatter                  Erth           0%         3d5*      100%        9


Dungeon Overview and Level Annotations

Branches:
Dungeon (3/15)

Altars:

Annotations:
D:3 Robin


Innate Abilities, Weirdness & Mutations

You cannot wear most types of armour.
You are amphibious.
You can wear up to eight rings at the same time.
Your skin changes colour to match your surroundings (Stealth+).
Your rubbery body absorbs attacks. (AC +1, EV +1)
((You are camouflaged near water. (Stealth+)))
You have tentacles for arms and can constrict up to eight enemies at once.


Message History

The hobgoblin closely misses you.
The goblin hits you with a +2 vampiric dagger.
The goblin draws strength from your wounds!
The hobgoblin closely misses you.
You barely miss the goblin. You grab the goblin. You constrict the goblin.
The goblin hits you with a +2 vampiric dagger.
The goblin draws strength from your wounds!
The hobgoblin hits you.
The goblin hits you with a +2 vampiric dagger.
You thump the goblin!
You kill the goblin!
Robin throws the goblin at you! The hobgoblin hits you. The goblin misses you.
You barely miss the goblin. You grab the goblin.
Your squeeze misses the goblin. You constrict the goblin.
The hobgoblin misses you. The goblin hits you with a +0 dagger.
You sock the goblin!
You kill the goblin!
The hobgoblin misses you.
Robin says, "My army is invincible!"
Robin throws the goblin at you! The goblin hits you with a +0 club.
The hobgoblin hits you.
You thump the goblin!
You kill the goblin!
Robin roars a battlecry!
The goblins go into a battle-frenzy!
The hobgoblin closely misses you.
Casting: Beastly Appendage (safe; 9% risk of failure)
Confirm with . or Enter, or press ? or * to list all spells.
The spell is quite dangerous to cast (38% risk of failure)!
Continue anyway?
You miscast Spider Form.
You are very lightly contaminated with residual magic.
Nothing appears to happen.
The hobgoblin hits you.
Casting: Spider Form (quite dangerous; 38% risk of failure)
Confirm with . or Enter, or press ? or * to list all spells.
The spell is quite dangerous to cast (38% risk of failure)!
Continue anyway?
You miscast Spider Form.
You feel rather nauseous for a moment!
You are poisoned.
* * * LOW HITPOINT WARNING * * *
You feel sick. The hobgoblin hits you.
You die...

####......###...# #..........
......#######...#######.........#
.......<........................#
......###........................
..........###....................
..######## #..#################.
### #### ######.........
#######......###.....
#ggg@)..###### #.....
#...g####### #..... ..... ######
...g


g.g gg . You could see Robin, 2 hobgoblins and a goblin (strong).

Vanquished Creatures
  Crazy Yiuf (D:3)
  3 adders (D:2)
  A worm (D:2)
  2 dart slugs
  6 orcs
  A ball python (D:2)
  5 endoplasms
  2 giant cockroaches
  9 goblins
  5 hobgoblins
  8 jackals
  2 quokkas (D:3)
  5 bats
  2 frilled lizards
  4 kobolds
  9 rats
65 creatures vanquished.

Notes
Turn   | Place    | Note
-------+----------+-------------------------------------------
     0 | D:1      | avis the Octopode Transmuter began the quest for the Orb.
     0 | D:1      | Reached XP level 1. HP: 13/13 MP: 3/3
    60 | D:1      | Reached skill level 1 in Stealth
   155 | D:1      | Reached XP level 2. HP: 15/18 MP: 1/5
   853 | D:1      | Found a faded altar of an unknown god.
  1094 | D:2      | Reached XP level 3. HP: 12/23 MP: 4/6
  1098 | D:2      | Learned a level 3 spell: Spider Form
  1678 | D:2      | Reached skill level 4 in Unarmed Combat
  2631 | D:2      | Reached XP level 4. HP: 29/29 MP: 4/7
  3762 | D:3      | Found a runed translucent door.
  3794 | D:3      | Noticed Crazy Yiuf
  3813 | D:3      | Killed Crazy Yiuf
  3814 | D:3      | Reached skill level 5 in Unarmed Combat
  3814 | D:3      | Reached XP level 5. HP: 6/34 MP: 6/8
  4098 | D:3      | Identified the +2 helmet of the Lumpy Tales {Rampage Dex+2}
  4098 | D:3      | Noticed Robin
  4115 | D:3      | Slain by a hobgoblin

Illustrated notes

Levels and vault maps discovered:
D:1:      wheals_arrival_shading, layout_basic,
          shapermc_ecumenical_altar_mp_urbaneastern, serial_curves,
          eino_curves_03, eino_curves_02, skrybe_limestone_x
D:2:      layout_basic
D:3:      layout_rooms, uniq_robin, uniq_natasha, uniq_crazy_yiuf_cottage

Skill      XL: |  1  2  3  4 |
---------------+-------------+-----
Stealth        | 2 |  2.0
Unarmed Combat | 4 5 |  5.0
Fighting       | 2 |  2.3
Dodging        | |  2.0
Spellcasting   | |  2.0
Transmutations | |  2.0

Action                   |  1- 3 |  4- 6 || total
-------------------------+-------+-------++-------
Melee: Unarmed           |    80 |    44 ||   124
       Constrict         |    13 |     8 ||    21
       Kick              |    11 |     2 ||    13
       Tentacles         |     4 |     3 ||     7
       Whip              |       |    11 ||    11
       Quarterstaff      |       |    10 ||    10
 Cast: Beastly Appendage |    20 |     4 ||    24
       Spider Form       |     7 |    10 ||    17
 Stab: Sleeping          |    11 |     3 ||    14
Armor: Skin              |     6 |     5 ||    11
Dodge: Dodged            |    48 |    69 ||   117

Table legend: (Time is in decaauts)
 A = Elapsed time spent in this place.
 B = Non-inter-level travel time spent in this place.
 C = Inter-level travel time spent in this place.
 D = Time resting spent in this place.
 E = Time spent auto-exploring this place.
 F = Levels seen in this place.
 G = Mean time per level.
                   A        B        C        D        E       F      G
               +--------+--------+--------+--------+--------+-----+--------+
         Total |   4123 |   4013 |    110 |   2204 |   1042 |   3 | 1374.3 |
       Dungeon |   4123 |   4013 |    110 |   2204 |   1042 |   3 | 1374.3 |
               +--------+--------+--------+--------+--------+-----+--------+

Top non-repeatable levels by time:
     D:2: 2323 daAuts
     D:1: 1001 daAuts
     D:3: 798 daAuts
